 Dungeon Crawl Stone Soup version 0.22.1-6-g1668fe2c40 (webtiles) character file.

20 Gargoyl the Skirmisher (level 2, 0/26 HPs)
             Began as a Centaur Abyssal Knight on Jan 24, 2019.
             Was a Follower of Lugonu.
             Succumbed to a goblin's poison
             ... on level 1 of the Dungeon.
             The game lasted 00:01:50 (557 turns).

Gargoyl the Skirmisher (Centaur Abyssal Knight)      Turns: 557, Time: 00:01:51

Health: 0/26       AC:  4    Str: 21    XL:     2   Next: 58%
Magic:  3/3        EV:  9    Int: 11    God:    Lugonu [*.....]
Gold:   0          SH:  0    Dex: 10    Spells: 1/1 levels left

rFire    . . .     SeeInvis .   a - +1 hand axe
rCold    . . .     Gourm    .   (no shield)
rNeg     . . .     Faith    .   b - +0 leather armour
rPois    .         Spirit   .   (no helmet)
rElec    .         Reflect  .   (no cloak)
rCorr    .         Harm     .   (no gloves)
MR       .....                  (no barding)
Stlth    ..........             (no amulet)
HPRegen  0.08/turn              g - ring "Fuon" {Str+7 Dex+4}
MPRegen  0.08/turn              e - -2 ring of dexterity (curse)

@: lethally poisoned (0 -> -25), very quick
A: large, hooves 3, deformed body, speed 2, tough skin 3
a: Depart the Abyss, Renounce Religion


You were on level 1 of the Dungeon.
You worshipped Lugonu.
Lugonu was aware of your devotion.
You were not hungry.

You visited 1 branch of the dungeon, and saw 2 of its levels.
You visited the Abyss 1 time.

Inventory:

Hand Weapons
 a - a +1 hand axe (weapon)
Armour
 b - a +0 leather armour (worn)
 f - a +0 plate armour
Jewellery
 e - a cursed -2 ring of dexterity (right hand)
 g - the ring "Fuon" (left hand) {Str+7 Dex+4}
   (You found it on level 2 of the Abyss)

   [ring of dexterity]

   It affects your strength (+7).
   It affects your dexterity (+4).
Wands
 d - a wand of disintegration (4)
Scrolls
 h - a scroll of teleportation {unknown}
 i - a scroll of fog {unknown}
Comestibles
 c - a ration


   Skills:
 + Level 3.3 Fighting
 + Level 2.1 Axes
 + Level 1.6 Armour
 + Level 0.6 Dodging
 + Level 2.2 Invocations


You had one spell level left.
You didn't know any spells.
Your spell library was empty.

Dungeon Overview and Level Annotations

Branches:
Dungeon (2/15)

Altars:


Innate Abilities, Weirdness & Mutations

You have hooves in place of feet.
Armour fits poorly on your strangely shaped body.
You cover ground very quickly.
You have extremely tough skin. (AC +3)


Message History

You hit the dart slug but do no damage.
* * * LOW HITPOINT WARNING * * *
You feel very sick.
Unknown command.
* * * LOW HITPOINT WARNING * * *
You feel sick. The dart slug launches a dart at you. The slug dart hits you!
You see here a dagger of venom.
Unknown command.
You hit the dart slug. You kick the dart slug.
You kill the dart slug!
Lugonu accepts your kill.
* * * LOW HITPOINT WARNING * * *
You feel sick.
Unknown command.
You hit the rat.
You kill the rat!
Lugonu accepts your kill.
You die...

#########
......†@############
#######............#
#.##########.#####
#.#. #.[.... ..# #.
####### ### ##
####### .).....


There were no monsters in sight!

Vanquished Creatures
  A dart slug (D:1)
  A goblin (D:1)
  7 jackals (D:1)
  A bat (D:1)
  2 frilled lizards
  2 kobolds
  3 rats (D:1)
17 creatures vanquished.

Vanquished Creatures (others)
  A starspawn tentacle (Abyss:2)
1 creature vanquished.

Grand Total: 18 creatures vanquished

Notes
Turn   | Place    | Note
-------+----------+-------------------------------------------
     0 | Abyss:1  | Gargoyl the Centaur Abyssal Knight began the quest for the
                  | Orb.
     0 | Abyss:1  | Reached XP level 1. HP: 19/19 MP: 2/2
    63 | Abyss:2  | Noticed an ancient zyme
    86 | Abyss:2  | Noticed a sixfirhy
    94 | Abyss:2  | Noticed a tentacled starspawn
    95 | Abyss:2  | Got a faintly glowing bronze ring
    96 | D:1      | Escaped the Abyss
    97 | D:1      | Identified the ring "Fuon" {Str+7 Dex+4} (You found it on
                  | level 2 of the Abyss)
   416 | D:1      | Reached XP level 2. HP: 24/26 MP: 3/3
   443 | D:1      | Reached * piety under Lugonu
   557 | D:1      | Succumbed to a goblin's poison

Skill      XL: |  1 |
---------------+----+-----
Axes           | 2 |  2.1
Fighting       | |  3.3
Armour         | |  1.6
Dodging        | |  0.6
Invocations    | |  2.2

Action                   || total
-------------------------++-------
Melee: Hand axe          ||    37
       Kick              ||     9
Invok: Depart the Abyss  ||     1
Evoke: Wand              ||     5
Armor: Leather armour    ||    23
Dodge: Dodged            ||    22
